Map: Ulrena

Players

Petraeus

  • Race: Zerg Zerg
  • League: Grandmaster

Kelazhur - Winner!

  • Race: Terran Terran
  • League: Master

VOD

Have the link to the VOD?

Description

Time

  • Played on: Dec. 20, 2015, 2:50 a.m.
  • Length: 8:20
Show
View Real Time Build Order
Export as new Build Order

Petraeus Zerg 

Build Orders: Hatch First 

Get SALT Encoding   

  12  0:00  Drone  
  13  0:13  Overlord  
  13  0:17  Drone  
  14  0:32  Drone x2  
  16  0:35  Drone  
  17  0:52  Hatchery  
  17  0:55  Drone  
  17  0:58  Drone  
  18  1:12  Spawning Pool  
  18  1:16  Drone  
  18  1:35  Hatchery  
  18  1:38  Drone  
  18  1:46  Drone  
  19  1:57  Drone  
  19  1:59  Queen  
  22  2:04  Zergling x4  
  24  2:08  Queen  
  24  2:14  Overlord  
  26  2:20  Drone  
  26  2:27  Drone  
  26  2:28  Drone  
  27  2:30  Drone  
  28  2:38  Drone  
  28  2:40  Drone  
  30  2:44  Queen  
  30  2:49  Drone x2  
  30  2:50  Drone  
  35  2:57  Drone  
  36  2:59  Drone, Extractor  
  36  3:00  Drone  
  36  3:01  Extractor  
  36  3:07  Drone  
  36  3:09  Queen  
  36  3:12  Drone  
  40  3:17  Overlord  
  40  3:20  Drone x2  
  42  3:30  Overlord  
  42  3:35  Drone x5  
  42  3:36  Drone  
  47  3:41  Spore Crawler  
  47  3:43  Drone  
  47  3:45  Drone  
  47  3:47  Spore Crawler  
  48  3:51  Drone  
  48  3:54  Drone  
  48  3:55  Drone  
  52  3:58  Metabolic Boost, Roach Warren  
  52  4:00  Drone  
  52  4:04  Spore Crawler  
  52  4:06  Drone x2  
  53  4:13  Drone  
  53  4:15  Overlord  
  53  4:17  Drone x2  
  56  4:20  Overlord x2  
  53  4:35  Overlord x2  
  50  4:42  Roach  
  50  4:43  Roach x5  
  63  4:45  Roach  
  63  4:47  Roach  
  63  4:49  Roach  
  64  5:01  Roach x2  
  64  5:06  Roach x3  
  72  5:11  Roach x2  
  72  5:13  Spore Crawler  
  75  5:22  Zergling x10  
  80  5:28  Zergling x2  
  80  5:33  Zergling x8  
  76  5:43  Zergling x12  
  75  5:50  Zergling x2  
  75  5:55  Drone x2  
  75  5:56  Drone x3  
  77  6:02  Drone x3  
  76  6:06  Drone x3  
  76  6:08  Drone  
  77  6:18  Drone  
  70  6:19  Drone x2  
  70  6:22  Extractor  
  67  6:25  Drone  
  67  6:27  Drone  
  66  6:33  Drone  
  66  6:35  Drone x2, Spore Crawler  
  66  6:36  Drone  
  66  6:37  Queen  
  66  6:39  Drone x3  
  74  6:40  Spore Crawler  
  74  6:43  Lair  
  69  6:48  Drone x3  
  69  6:49  Drone  
  69  6:52  Drone  
  69  6:54  Overlord  
  74  6:55  Ravager  
  75  7:01  Overlord  
  75  7:03  Drone x5  
  75  7:05  Extractor  
  75  7:07  Extractor  
  78  7:09  Roach x2  
  78  7:10  Roach  
  78  7:11  Drone x2  
  78  7:13  Extractor  
  78  7:14  Drone x2  
  87  7:18  Roach x2  
  91  7:23  Drone  
  91  7:26  Drone  
  91  7:27  Drone  
  94  7:31  Ravager x3  
  94  7:33  Roach  
  94  7:35  Zergling x4  
  94  7:36  Overlord, Zergling x2  
  96  7:53  Overseer  
  96  7:54  Roach  
  96  7:55  Roach x5  
  96  7:58  Roach x3  
  87  8:08  Drone  
Show
View Real Time Build Order
Export as new Build Order

Kelazhur Terran - Winner!

Build Orders: Reaper Expand, Banshee Rush 

Get SALT Encoding   

  12  0:00  SCV  
  13  0:13  SCV  
  14  0:17  Supply Depot  
  14  0:25  SCV  
  15  0:39  SCV  
  15  0:41  Barracks  
  16  0:44  Refinery  
  16  0:51  SCV  
  17  1:03  SCV  
  18  1:15  SCV  
  19  1:28  Reaper  
  19  1:29  Orbital Command  
  20  1:41  Command Center  
  20  1:51  Supply Depot  
  20  1:55  SCV  
  21  2:05  Barracks Reactor  
  21  2:07  SCV, Refinery  
  22  2:19  SCV  
  23  2:29  Factory  
  23  2:31  SCV  
  24  2:41  Marine x2  
  26  2:48  SCV  
  27  2:53  Bunker, Orbital Command  
  27  2:59  Marine x2  
  27  3:01  SCV  
  30  3:13  SCV  
  30  3:15  Starport  
  31  3:22  SCV  
  31  3:25  SCV  
  33  3:27  Hellion x2  
  33  3:30  Supply Depot  
  33  3:34  SCV, Barracks Tech Lab  
  37  3:37  SCV  
  39  3:47  SCV  
  40  3:49  Hellion x2  
  44  3:59  Banshee, Cloaking Field  
  44  4:01  SCV x2  
  49  4:10  Supply Depot, Barracks Tech Lab  
  49  4:12  Supply Depot  
  49  4:13  SCV  
  49  4:14  SCV  
  51  4:25  SCV  
  51  4:26  SCV  
  51  4:28  Barracks  
  51  4:29  Barracks  
  53  4:38  SCV x2  
  54  4:42  Banshee, Factory Reactor  
  59  4:45  Marauder  
  59  4:50  SCV x2  
  59  4:51  Supply Depot  
  59  4:52  Supply Depot  
  57  5:02  SCV x2  
  59  5:07  Marauder  
  57  5:14  SCV x2, Stimpack, Barracks  
  57  5:15  Barracks  
  57  5:17  Refinery x2  
  59  5:25  Marine x2  
  61  5:29  SCV  
  62  5:41  Marauder, Marine  
  63  5:43  Marine x2  
  63  5:44  SCV  
  55  5:53  Banshee  
  51  5:58  SCV  
  51  5:59  Marine  
  51  6:00  Marine  
  51  6:01  Marine  
  51  6:03  Marauder  
  47  6:16  Marine  
  47  6:18  Marine x2  
  47  6:23  Marine x2  
  47  6:24  Marauder  
  53  6:30  SCV x2  
  55  6:34  Marine  
  55  6:36  Marine x2  
  58  6:42  SCV x2  
  58  6:45  Marine  
  58  6:46  Marauder  
  63  6:50  Factory Tech Lab  
  63  6:54  SCV x2  
  65  6:59  Medivac  
  65  7:00  Medivac  
  69  7:05  Marine  
  69  7:06  SCV x2, Marine x4  
  76  7:09  Siege Tank  
  76  7:15  Supply Depot  
  79  7:18  SCV x2  
  81  7:23  Supply Depot, Marine  
  81  7:24  Marine  
  83  7:30  SCV x2  
  83  7:32  Supply Depot  
  83  7:36  Marauder, Marine  
  88  7:42  SCV  
  84  8:00  Marine  
  84  8:01  Marine x4  
Tags
 
Add a new tag
Caveats
  • Supply blocks, unpowered buildings, or Contaminate may cause inaccurate times.
  • Supply counts are checked every 10 seconds.